 Dungeon Crawl Stone Soup version 0.23-a0-844-gdc03e01 (webtiles) character file.

5566 tidbits the Magician (level 10, -4/79 HPs)
             Began as a Gnoll Skald on Jan 25, 2019.
             Was a Priest of Cheibriados.
             Slain by an iron troll (17 damage)
             ... on level 9 of the Dungeon on Jan 26, 2019.
             The game lasted 00:33:45 (2820 turns).

tidbits the Magician (Gnoll Skald)                  Turns: 2820, Time: 00:33:47

Health: -4/79      AC: 11    Str: 21    XL:     10   Next: 72%
Magic:  14/21      EV: 18    Int: 26    God:    Cheibriados [***...]
Gold:   217        SH:  0    Dex: 21    Spells: 14/24 levels left

rFire    . . .     SeeInvis .   a - +0 halberd
rCold    . . .     Gourm    .   (shield currently unavailable)
rNeg     . . .     Faith    .   R - +0 troll leather armour
rPois    .         Spirit   .   E - +1 helmet
rElec    .         Reflect  .   (no cloak)
rCorr    .         Harm     .   G - +0 pair of gloves
MR       .....                  F - +2 pair of boots
Stlth    +++.......             W - amulet of regeneration
HPRegen  2.03/turn              (no ring)
MPRegen  0.17/turn              (no ring)

@: very slightly contaminated, regenerating (expiring), very slow
A: distributed training, fangs 1, strong nose
a: Bend Time, Temporal Distortion, Renounce Religion


You were on level 9 of the Dungeon.
You worshipped Cheibriados.
Cheibriados was most pleased with you.
You were full.

You visited 2 branches of the dungeon, and saw 10 of its levels.
You also visited: Sewer.

You collected 217 gold pieces.

Inventory:

Hand Weapons
 a - a +0 halberd (weapon)
 m - a +0 dagger
 n - a +0 hunting sling
 w - a +0 hand crossbow
 y - a +0 trident
 J - a +0 flail
 N - a +0 war axe
 P - a +0 blowgun
 U - a +0 shortbow
Missiles
 h - 51 stones (quivered)
 q - 12 sling bullets
 x - 49 bolts
 C - 90 arrows
 I - a throwing net {!f}
 Q - 11 poisoned needles
Armour
 B - a +0 ring mail
 E - a +1 helmet (worn)
 F - a +2 pair of boots (worn)
 G - a +0 pair of gloves (worn)
 K - a +0 leather armour
 R - a +0 troll leather armour (worn)
 V - a +1 robe of resistance
   (You found it on level 9 of the Dungeon)
Jewellery
 D - an uncursed ring of flight
   (You found it on level 5 of the Dungeon)
 W - an amulet of regeneration (around neck)
   (You found it on level 7 of the Dungeon)
Scrolls
 c - a scroll of fog {unknown}
 g - a scroll of enchant weapon
 j - 2 scrolls of magic mapping
 l - 4 scrolls of teleportation
 p - a scroll of amnesia
 r - 4 scrolls of remove curse
 v - a scroll of immolation {!r}
 A - a scroll of fear {unknown}
 H - 2 scrolls of vulnerability {!r}
 L - a scroll of random uselessness {unknown}
 M - 2 scrolls of enchant armour {unknown}
 O - a scroll of blinking
 S - a scroll of summoning
Potions
 b - 8 potions of curing {unknown}
 e - a potion of resistance {unknown}
 f - 2 potions of haste {unknown}
 i - 3 potions of brilliance {unknown}
 k - a potion of cancellation {unknown}
 o - 2 potions of might
 s - 3 potions of agility
 t - 4 potions of heal wounds
 u - 2 potions of flight
 z - 2 potions of invisibility
 T - a potion of berserk rage {unknown}
Comestibles
 d - 8 rations


   Skills:
 + Level 7.2 Fighting
 + Level 5.4 Short Blades
 + Level 5.4 Long Blades
 + Level 5.4 Axes
 + Level 5.4 Maces & Flails
 + Level 7.2 Polearms
 + Level 5.4 Staves
 + Level 5.4 Slings
 + Level 5.4 Bows
 + Level 5.4 Crossbows
 + Level 5.4 Throwing
 + Level 6.1 Armour
 + Level 7.2 Dodging
 + Level 5.4 Stealth
 + Level 5.4 Shields
 + Level 5.4 Unarmed Combat
 + Level 7.5 Spellcasting
 + Level 4.5 Conjurations
 + Level 4.5 Hexes
 + Level 7.2 Charms
 + Level 4.5 Summonings
 + Level 4.5 Necromancy
 + Level 4.5 Translocations
 + Level 4.5 Transmutations
 + Level 4.5 Fire Magic
 + Level 4.5 Ice Magic
 + Level 4.5 Air Magic
 + Level 4.5 Earth Magic
 + Level 4.5 Poison Magic
 + Level 6.0 Invocations
 + Level 5.4 Evocations


You had 14 spell levels left.
You knew the following spells:

 Your Spells              Type           Power        Failure   Level  Hunger
g - Shroud of Golubria    Chrm/Tloc      #####.....   1%          2    None
r - Regeneration          Chrm/Necr      #####.....   1%          3    None
w - Spectral Weapon       Hex/Chrm       #####...     1%          3    None
y - Song of Slaying       Chrm           #####...     1%          2    None

Your spell library contained the following spells:

 Spells                   Type           Power        Failure   Level  Hunger
 Infusion                 Chrm           ####         1%          1    None
 Summon Small Mammal      Summ           ####         1%          1    None
 Call Imp                 Summ           ####....     1%          2    None
 Call Canine Familiar     Summ           ####....     3%          3    None
 Summon Guardian Golem    Hex/Summ       ####....     3%          3    None
 Summon Ice Beast         Ice/Summ       ####....     11%         4    ##.....
 Summon Lightning Spire   Summ/Air       ####....     11%         4    ##.....


Dungeon Overview and Level Annotations

Branches:
Dungeon (9/15)             Temple (1/1) D:6
   Lair: D:8-11         Orc: D:9-12

Altars:
Ashenzari
Cheibriados
Dithmenos
Fedhas
Gozag
Hepliaklqana
Kikubaaqudgha
Makhleb
Nemelex Xobeh
Okawaru
Qazlal
Ru
Sif Muna
Trog
Uskayaw
Vehumet
Wu Jian
Xom
Yredelemnul
Zin
The Shining One


Innate Abilities, Weirdness & Mutations

Your experience applies equally to all skills.
You have very sharp teeth.
Your uncanny sense of smell can sniff out nearby items.


Message History

a +0 troll leather armour; a troll corpse x2
W - a +0 troll leather armour Wear which item? (? for menu, Esc to quit)
You start removing your armour.
You continue taking off your +0 ring mail. x2
Your skin stops crawling.
You continue taking off your +0 ring mail. x2
You finish taking off your +0 ring mail.
You start putting on your armour.
You continue putting on your +0 troll leather armour.
Your spectral weapon fades away.
You continue putting on your +0 troll leather armour. x4
You finish putting on your +0 troll leather armour.
Adjust (i)tems, (s)pells, or (a)bilities?
Adjust which item? (? for menu, Esc to quit)
w - a +0 hand crossbow Adjust to which letter? (? for menu, Esc to quit)
Okay, then.
Adjust (i)tems, (s)pells, or (a)bilities?
Adjust which item? (? for menu, Esc to quit)
W - a +0 troll leather armour (worn)
Adjust to which letter? (? for menu, Esc to quit)
R - a +0 troll leather armour (worn)
W - an amulet of regeneration (around neck)
You see here a scroll of remove curse.
r - 4 scrolls of remove curse (gained 1)
Casting: Regeneration (safe; 1% risk of failure)
Confirm with . or Enter, or press ? or * to list all spells.
Your skin crawls.
Unknown command.
There is an open door, spattered with blood here.
Things that are here:
a troll corpse x2
Found a stone staircase leading down.
Casting: Regeneration (safe; 1% risk of failure)
Confirm with . or Enter, or press ? or * to list all spells.
You miscast Spectral Weapon.
You are very lightly contaminated with residual magic.
Strange energies run through your body.
You open the door. 4 trolls and an iron troll come into view.
The iron troll shouts!
The troll shouts!
Found a ration.
Casting: Spectral Weapon (safe; 1% risk of failure)
Confirm with . or Enter, or press ? or * to list all spells.
You draw out your weapon's spirit!
The troll shouts!
The troll bites you but does no damage. The troll claws you!
The troll barely misses you.
Unknown command.
You slash the troll!
The troll is moderately wounded.
Your spectral weapon closely misses the troll.
The troll closely misses you. The troll claws you. x2
Unknown command.
You slash the troll! You bite the troll.
The troll is severely wounded.
Your spectral weapon hits the troll from afar!
You kill the troll!
Cheibriados appreciates the change of pace.
The troll leather armour is intact enough to wear.
Your Invocations skill increases to level 6!
You barely miss the troll.
Your spectral weapon hits the troll from afar!
The troll misses you. The troll completely misses you.
The troll closely misses you.
You barely miss the troll. Your bite misses the troll.
The troll is moderately wounded.
Your spectral weapon hits the troll from afar!
The troll misses you. The troll barely misses you.
The troll claws you but does no damage.
You hit the iron troll but do no damage.
Your spectral weapon hits the iron troll!
You hit the iron troll.
You bite the iron troll, but do no damage.
The iron troll is moderately wounded.
Your skin is crawling a little less now.
Your spectral weapon hits the iron troll but does no damage.
You hit the iron troll.
The iron troll is moderately wounded.
Your spectral weapon hits the iron troll but does no damage.
The iron troll bites you!
The iron troll claws you but does no damage.
The iron troll claws you!
Unknown command.
You impale the iron troll!!
The iron troll is heavily wounded.
Your spectral weapon hits the iron troll!
The iron troll bites you!!
* * * LOW HITPOINT WARNING * * *
The iron troll claws you!
* * * LOW HITPOINT WARNING * * *
The iron troll closely misses you.
You barely miss the iron troll.
The iron troll is severely wounded.
Your spectral weapon completely misses the iron troll.
The iron troll bites you!
* * * LOW HITPOINT WARNING * * *
The iron troll claws you!
You die...

#.....≈≈≈ .... #.....≈≈#### ....
#.....≈≈#..# ..... ...
#.....≈≈#..# ..... #.#
#.....≈≈#..#≈....> ....
#.....≈≈#†##≈.....
#.#..#.....≈≈≈.≈≈≈.....
....#.........................
.#.......[≈≈(@≈≈≈.............
......##.....≈##T#≈≈(............
#..# #.....≈#TT#≈≈.(...........
#..# #.....≈#.T#≈≈..(..........
#..# #.....≈#.%#≈≈.............
#..# #.....≈####≈≈.............
#..# #..†..≈≈≈≈≈≈≈......(......
#..# ##....≈≈≈≈≈≈≈....).)...<..
#..# #....≈≈≈≈≈≈≈.............


You could see an iron troll, 3 trolls and a friendly spectral +0 halberd.

Vanquished Creatures
  A two-headed ogre (D:9)
  A deep troll (D:9)
  5 trolls (D:9)
  A hippogriff (D:8)
  3 yaks (D:9)
  3 ice beasts
  A black bear (D:8)
  2 phantoms
  4 ogres
  2 centaurs (D:8)
  2 big kobolds
  3 bullfrogs
  A gnoll sergeant (D:5)
  2 scorpions
  4 killer bees (D:8)
  A wight (D:8)
  A howler monkey (D:6)
  2 hounds
  3 jellies
  A bullfrog skeleton (D:6)
  A gnoll shaman (D:9)
  2 orc priests
  3 orc wizards
  An iguana (D:6)
  3 worker ants
  A killer bee zombie (D:9)
  A hound skeleton (D:7)
  A howler monkey zombie (D:6)
  Robin (D:2)
  19 gnolls
  An adder (Sewer)
  7 river rats
  3 oozes
  An adder zombie (D:8)
  A worm (D:3)
  A dart slug (D:2)
  6 leopard geckos
  27 orcs
  7 ball pythons (Sewer)
  5 giant cockroaches
  15 goblins
  12 hobgoblins
  4 jackals (D:3)
  24 kobolds
  5 bats
  A giant cockroach zombie (D:6)
  A quokka skeleton (D:5)
  22 rats
219 creatures vanquished.

Vanquished Creatures (others)
  An orc wizard (D:9)
1 creature vanquished.

Grand Total: 220 creatures vanquished

Notes
Turn   | Place    | Note
-------+----------+-------------------------------------------
     0 | D:1      | tidbits the Gnoll Skald began the quest for the Orb.
     0 | D:1      | Reached XP level 1. HP: 20/20 MP: 6/6
    80 | D:1      | Reached XP level 2. HP: 25/26 MP: 0/7
    84 | D:1      | Learned a level 2 spell: Song of Slaying
    87 | D:1      | Learned a level 2 spell: Shroud of Golubria
   225 | D:2      | Noticed Robin
   238 | D:2      | Reached XP level 3. HP: 24/31 MP: 0/9
   241 | D:2      | Reached skill level 5 in Spellcasting
   245 | D:2      | Killed Robin
   247 | D:2      | Reached skill level 1 in Invocations
   266 | D:2      | Learned a level 3 spell: Regeneration
   270 | D:2      | Learned a level 3 spell: Spectral Weapon
   424 | D:3      | Reached skill level 1 in Short Blades
   424 | D:3      | Reached skill level 1 in Long Blades
   424 | D:3      | Reached skill level 1 in Axes
   424 | D:3      | Reached skill level 1 in Maces & Flails
   424 | D:3      | Reached skill level 1 in Staves
   424 | D:3      | Reached skill level 1 in Slings
   424 | D:3      | Reached skill level 1 in Bows
   424 | D:3      | Reached skill level 1 in Crossbows
   424 | D:3      | Reached skill level 1 in Throwing
   424 | D:3      | Reached skill level 1 in Stealth
   424 | D:3      | Reached skill level 1 in Shields
   424 | D:3      | Reached skill level 1 in Unarmed Combat
   424 | D:3      | Reached skill level 1 in Evocations
   424 | D:3      | Reached XP level 4. HP: 35/38 MP: 3/11
   463 | D:3      | Reached skill level 1 in Conjurations
   463 | D:3      | Reached skill level 1 in Hexes
   463 | D:3      | Reached skill level 1 in Summonings
   463 | D:3      | Reached skill level 1 in Necromancy
   463 | D:3      | Reached skill level 1 in Translocations
   463 | D:3      | Reached skill level 1 in Transmutations
   463 | D:3      | Reached skill level 1 in Fire Magic
   463 | D:3      | Reached skill level 1 in Ice Magic
   463 | D:3      | Reached skill level 1 in Air Magic
   463 | D:3      | Reached skill level 1 in Earth Magic
   463 | D:3      | Reached skill level 1 in Poison Magic
   605 | D:3      | Reached XP level 5. HP: 37/43 MP: 10/12
   611 | D:3      | Found a glowing drain.
   615 | Sewer    | Entered a sewer
   656 | Sewer    | Reached skill level 3 in Armour
   900 | Sewer    | Noticed a big kobold
   912 | Sewer    | Killed a big kobold
   912 | Sewer    | Reached skill level 2 in Invocations
   912 | Sewer    | Reached XP level 6. HP: 37/50 MP: 10/14
  1084 | D:4      | Reached skill level 5 in Fighting
  1084 | D:4      | Reached skill level 5 in Polearms
  1084 | D:4      | Reached skill level 5 in Dodging
  1090 | D:4      | Reached skill level 2 in Short Blades
  1090 | D:4      | Reached skill level 2 in Long Blades
  1090 | D:4      | Reached skill level 2 in Axes
  1090 | D:4      | Reached skill level 2 in Maces & Flails
  1090 | D:4      | Reached skill level 2 in Staves
  1090 | D:4      | Reached skill level 2 in Slings
  1090 | D:4      | Reached skill level 2 in Bows
  1090 | D:4      | Reached skill level 2 in Crossbows
  1090 | D:4      | Reached skill level 2 in Throwing
  1090 | D:4      | Reached skill level 2 in Stealth
  1090 | D:4      | Reached skill level 2 in Shields
  1090 | D:4      | Reached skill level 2 in Unarmed Combat
  1090 | D:4      | Reached skill level 2 in Evocations
  1148 | D:5      | Entered Level 5 of the Dungeon
  1169 | D:5      | Reached XP level 7. HP: 56/56 MP: 10/15
  1240 | D:5      | Reached skill level 2 in Conjurations
  1240 | D:5      | Reached skill level 2 in Hexes
  1240 | D:5      | Reached skill level 2 in Summonings
  1240 | D:5      | Reached skill level 2 in Necromancy
  1240 | D:5      | Reached skill level 2 in Translocations
  1240 | D:5      | Reached skill level 2 in Transmutations
  1240 | D:5      | Reached skill level 2 in Fire Magic
  1240 | D:5      | Reached skill level 2 in Ice Magic
  1240 | D:5      | Reached skill level 2 in Air Magic
  1240 | D:5      | Reached skill level 2 in Earth Magic
  1240 | D:5      | Reached skill level 2 in Poison Magic
  1258 | D:5      | Found an ornate altar of the Wu Jian Council.
  1259 | D:5      | Found a radiant altar of Vehumet.
  1260 | D:5      | Found a basalt altar of Yredelemnul.
  1287 | D:5      | Found a blossoming altar of Fedhas.
  1389 | D:5      | You fall through a shaft!
  1408 | D:6      | Reached skill level 3 in Invocations
  1418 | D:6      | Reached XP level 8. HP: 63/63 MP: 14/16
  1443 | D:6      | Reached skill level 6 in Charms
  1530 | D:6      | Found a staircase to the Ecumenical Temple.
  1548 | Temple   | Entered the Ecumenical Temple
  1667 | Temple   | Became a worshipper of Cheibriados the Contemplative
  1739 | D:6      | Reached skill level 3 in Short Blades
  1739 | D:6      | Reached skill level 3 in Long Blades
  1739 | D:6      | Reached skill level 3 in Axes
  1739 | D:6      | Reached skill level 3 in Maces & Flails
  1739 | D:6      | Reached skill level 3 in Staves
  1739 | D:6      | Reached skill level 3 in Slings
  1739 | D:6      | Reached skill level 3 in Bows
  1739 | D:6      | Reached skill level 3 in Crossbows
  1739 | D:6      | Reached skill level 3 in Throwing
  1739 | D:6      | Reached skill level 4 in Armour
  1739 | D:6      | Reached skill level 3 in Stealth
  1739 | D:6      | Reached skill level 3 in Shields
  1739 | D:6      | Reached skill level 3 in Unarmed Combat
  1739 | D:6      | Reached skill level 3 in Evocations
  1912 | D:6      | Reached skill level 6 in Spellcasting
  1966 | D:7      | Reached * piety under Cheibriados
  2194 | D:8      | Reached skill level 3 in Conjurations
  2194 | D:8      | Reached skill level 3 in Hexes
  2194 | D:8      | Reached skill level 3 in Summonings
  2194 | D:8      | Reached skill level 3 in Necromancy
  2194 | D:8      | Reached skill level 3 in Translocations
  2194 | D:8      | Reached skill level 3 in Transmutations
  2194 | D:8      | Reached skill level 3 in Fire Magic
  2194 | D:8      | Reached skill level 3 in Ice Magic
  2194 | D:8      | Reached skill level 3 in Air Magic
  2194 | D:8      | Reached skill level 3 in Earth Magic
  2194 | D:8      | Reached skill level 3 in Poison Magic
  2194 | D:8      | Reached skill level 4 in Invocations
  2203 | D:8      | Reached skill level 6 in Fighting
  2203 | D:8      | Reached skill level 6 in Polearms
  2203 | D:8      | Reached skill level 6 in Dodging
  2203 | D:8      | Reached XP level 9. HP: 69/69 MP: 7/18
  2262 | D:8      | Reached skill level 4 in Short Blades
  2262 | D:8      | Reached skill level 4 in Long Blades
  2262 | D:8      | Reached skill level 4 in Axes
  2262 | D:8      | Reached skill level 4 in Maces & Flails
  2262 | D:8      | Reached skill level 4 in Staves
  2262 | D:8      | Reached skill level 4 in Slings
  2262 | D:8      | Reached skill level 4 in Bows
  2262 | D:8      | Reached skill level 4 in Crossbows
  2262 | D:8      | Reached skill level 4 in Throwing
  2262 | D:8      | Reached skill level 4 in Stealth
  2262 | D:8      | Reached skill level 4 in Shields
  2262 | D:8      | Reached skill level 4 in Unarmed Combat
  2262 | D:8      | Reached skill level 4 in Evocations
  2326 | D:8      | Upgraded the game from 0.23-a0-839-g6d2b917 to
                  | 0.23-a0-844-gdc03e01
  2385 | D:8      | Reached ** piety under Cheibriados
  2385 | D:8      | Reached skill level 5 in Armour
  2562 | D:9      | Noticed a two-headed ogre
  2568 | D:9      | Killed a two-headed ogre
  2568 | D:9      | Reached skill level 5 in Invocations
  2581 | D:9      | Reached XP level 10. HP: 77/77 MP: 16/20
  2611 | D:9      | Reached skill level 7 in Spellcasting
  2694 | D:9      | Reached skill level 4 in Conjurations
  2694 | D:9      | Reached skill level 4 in Hexes
  2694 | D:9      | Reached skill level 4 in Summonings
  2694 | D:9      | Reached skill level 4 in Necromancy
  2694 | D:9      | Reached skill level 4 in Translocations
  2694 | D:9      | Reached skill level 4 in Transmutations
  2694 | D:9      | Reached skill level 4 in Fire Magic
  2694 | D:9      | Reached skill level 4 in Ice Magic
  2694 | D:9      | Reached skill level 4 in Air Magic
  2694 | D:9      | Reached skill level 4 in Earth Magic
  2694 | D:9      | Reached skill level 4 in Poison Magic
  2702 | D:9      | Reached *** piety under Cheibriados
  2748 | D:9      | Reached skill level 5 in Short Blades
  2748 | D:9      | Reached skill level 5 in Long Blades
  2748 | D:9      | Reached skill level 5 in Axes
  2748 | D:9      | Reached skill level 5 in Maces & Flails
  2748 | D:9      | Reached skill level 5 in Staves
  2748 | D:9      | Reached skill level 5 in Slings
  2748 | D:9      | Reached skill level 5 in Bows
  2748 | D:9      | Reached skill level 5 in Crossbows
  2748 | D:9      | Reached skill level 5 in Throwing
  2748 | D:9      | Reached skill level 5 in Stealth
  2748 | D:9      | Reached skill level 5 in Shields
  2748 | D:9      | Reached skill level 5 in Unarmed Combat
  2748 | D:9      | Reached skill level 5 in Evocations
  2761 | D:9      | Noticed a deep troll
  2773 | D:9      | Killed a deep troll
  2773 | D:9      | Reached skill level 7 in Fighting
  2773 | D:9      | Reached skill level 7 in Polearms
  2773 | D:9      | Reached skill level 7 in Dodging
  2773 | D:9      | Reached skill level 7 in Charms
  2782 | D:9      | Reached skill level 6 in Armour
  2810 | D:9      | Noticed an iron troll
  2813 | D:9      | Reached skill level 6 in Invocations
  2820 | D:9      | HP: 13/79 [iron troll (15)]
  2820 | D:9      | Slain by an iron troll

Vault maps used:
D:1:      shiori_arrival_oz, minmay_misc_feat_square
D:2:      uniq_robin
D:3:      gup_sewer_entry_spiral
D:4:      first_ration
D:5:      chequers_temple_overflow_statue_of_worship, kennysheep_little_box
D:6:      corexii_shantytown, minmay_temple_entry_nine_rooms
D:7:      elyvilon_altar_1
D:8:      minmay_slanted_spiral_squares, dpeg_oklobed_lair
D:9:      lemuel_troll_bridge, serial_glass, glass_columns_b, glass_columns_a,
          feat_on_display, minmay_strange_pillars, item_on_display_b,
          hangedman_little_slice_of_home
Temple:   bh_familiar_temple
Sewer:    sewer_minmay_treatment

Skill      XL: |  1  2  3  4  5  6  7  8  9 10 |
---------------+-------------------------------+-----
Spellcasting   | 5 6 7 |  7.5
Invocations    | 1 2 3 4 5 6 |  6.0
Short Blades   | 1 2 3 4 5 |  5.4
Long Blades    | 1 2 3 4 5 |  5.4
Axes           | 1 2 3 4 5 |  5.4
Maces & Flails | 1 2 3 4 5 |  5.4
Staves         | 1 2 3 4 5 |  5.4
Slings         | 1 2 3 4 5 |  5.4
Bows           | 1 2 3 4 5 |  5.4
Crossbows      | 1 2 3 4 5 |  5.4
Throwing       | 1 2 3 4 5 |  5.4
Stealth        | 1 2 3 4 5 |  5.4
Shields        | 1 2 3 4 5 |  5.4
Unarmed Combat | 1 2 3 4 5 |  5.4
Evocations     | 1 2 3 4 5 |  5.4
Conjurations   | 1 2 3 4 |  4.5
Hexes          | 1 2 3 4 |  4.5
Summonings     | 1 2 3 4 |  4.5
Necromancy     | 1 2 3 4 |  4.5
Translocations | 1 2 3 4 |  4.5
Transmutations | 1 2 3 4 |  4.5
Fire Magic     | 1 2 3 4 |  4.5
Ice Magic      | 1 2 3 4 |  4.5
Air Magic      | 1 2 3 4 |  4.5
Earth Magic    | 1 2 3 4 |  4.5
Poison Magic   | 1 2 3 4 |  4.5
Armour         | 3 4 5 6 |  6.1
Fighting       | 5 6 7 |  7.2
Polearms       | 5 6 7 |  7.2
Dodging        | 5 6 7 |  7.2
Charms         | 6 7 |  7.2

Action                   |  1- 3 |  4- 6 |  7- 9 | 10-12 || total
-------------------------+-------+-------+-------+-------++-------
Melee: Spear             |    60 |    20 |       |       ||    80
       Bite              |     2 |    10 |    27 |    15 ||    54
       Halberd           |       |   127 |   193 |    77 ||   397
       Punch             |       |     1 |       |       ||     1
Throw: Stone             |       |       |     2 |       ||     2
       Javelin           |       |       |     3 |       ||     3
 Cast: Infusion          |     7 |       |       |       ||     7
       Song of Slaying   |     1 |     7 |     5 |     3 ||    16
       Spectral Weapon   |     3 |    19 |    30 |     8 ||    60
       Shroud of Golubri |       |     5 |    11 |     2 ||    18
       Regeneration      |       |     1 |     6 |     2 ||     9
  Use: Scroll            |       |     3 |    13 |       ||    16
 Stab: Sleeping          |       |     1 |       |       ||     1
  Eat: Chunk             |       |     3 |     1 |       ||     4
       Ration            |       |       |     3 |       ||     3
Armor: Leather armour    |    11 |    25 |    15 |       ||    51
       Ring mail         |       |       |    39 |    31 ||    70
       Troll leather arm |       |       |       |     3 ||     3
Dodge: Dodged            |    27 |    93 |   136 |    70 ||   326

Table legend:
 A = Non-vault XP
 B = Vault XP
 C = Vault XP percentage of total XP
 D = Non-vault monster count
 E = Vault monster count
 F = Vault count percentage of total count
                 A         B        C        D         E       F
            +---------+---------+-------+---------+---------+-------
      Total |    3861 |    4091 |  51.4 |     117 |     102 |  46.6
            +---------+---------+-------+---------+---------+-------
        D:1 |      17 |       2 |  10.5 |       8 |       1 |  11.1
        D:2 |      39 |      35 |  47.3 |      13 |      12 |  48.0
        D:3 |      69 |      27 |  28.1 |      17 |       6 |  26.1
        D:4 |     116 |       0 |   0.0 |       5 |       0 |   0.0
        D:5 |     481 |       0 |   0.0 |      13 |       0 |   0.0
        D:6 |     495 |      87 |  14.9 |      16 |      19 |  54.3
        D:7 |     249 |       0 |   0.0 |      10 |       0 |   0.0
        D:8 |     838 |     840 |  50.1 |      13 |       7 |  35.0
        D:9 |    1557 |    2856 |  64.7 |      22 |       9 |  29.0
      Sewer |       0 |     244 | 100.0 |       0 |      48 | 100.0
            +---------+---------+-------+---------+---------+-------

Table legend:
 A = Turns spent in this place as a percentage of turns spent in the entire game.
 B = Non-inter-level travel turns spent in this place as a percentage of non-inter-level travel turns spent in the entire game.
 C = Inter-level travel turns spent in this place as a percentage of turns spent in this place.
 D = Turns resting spent in this place as a percentage of non-inter-level travel turns spent in this place.
 E = Turns spent auto-exploring this place as a percentage of non-inter-level travel turns spent in this place.
 F = Non-inter-level travel turns spent in this place divided by the number of levels of this place that you've seen.
                   A       B       C       D       E      F
               +-------+-------+-------+-------+-------+----------------------
         Total | 100.0 | 100.0 |   2.9 |   0.0 |   0.0 | 249.0
       Dungeon |  82.9 |  82.4 |   3.5 |   0.0 |   0.0 | 250.7
        Temple |   5.2 |   5.4 |   0.0 |   0.0 |   0.0 | 148.0
         Sewer |  11.9 |  12.2 |   0.0 |   0.0 |   0.0 | 335.0
               +-------+-------+-------+-------+-------+----------------------

Table legend:
 A = Kills in this place as a percentage of kills in entire the game.
 B = Kills by you in this place as a percentage of kills by you in the entire game.
 C = Kills by friends in this place as a percentage of kills by friends in the entire game.
 D = Other kills in this place as a percentage of other kills in the entire game.
 E = Experience gained in this place as a percentage of experience gained in the entire game.
 F = Experience gained in this place divided by the number of levels of this place that you have seen.
                   A       B       C       D       E      F
               +-------+-------+-------+-------+-------+----------------------
         Total | 100.0 | 100.0 |   N/A |   N/A | 100.0 | 722.9
       Dungeon |  78.1 |  78.1 |   N/A |   N/A |  96.9 | 856.4
         Sewer |  21.9 |  21.9 |   N/A |   N/A |   3.1 | 244.0
               +-------+-------+-------+-------+-------+----------------------

Vault maps used:
D:1:      shiori_arrival_oz, minmay_misc_feat_square
D:2:      uniq_robin
D:3:      gup_sewer_entry_spiral
D:4:      first_ration
D:5:      chequers_temple_overflow_statue_of_worship, kennysheep_little_box
D:6:      corexii_shantytown, minmay_temple_entry_nine_rooms
D:7:      elyvilon_altar_1
D:8:      minmay_slanted_spiral_squares, dpeg_oklobed_lair
D:9:      lemuel_troll_bridge, serial_glass, glass_columns_b, glass_columns_a,
          feat_on_display, minmay_strange_pillars, item_on_display_b,
          hangedman_little_slice_of_home
Temple:   bh_familiar_temple
Sewer:    sewer_minmay_treatment
